 Dungeon Crawl Stone Soup version 0.28.0 (webtiles) character file.

Game seed: 7391400450641195678

772 pkoi the Ruffian (level 7, -3/52 HPs)
             Began as a Grey Draconian Transmuter on Feb 17, 2022.
             Slain by Menkaure (14 damage)
             ... on level 5 of the Dungeon.
             The game lasted 00:05:50 (6365 turns).

pkoi the Ruffian (Grey Draconian Transmuter)        Turns: 6365, Time: 00:05:51

Health: -3/52      AC: 11    Str: 12    XL:     7   Next: 53%
Magic:  10/11      EV: 12    Int: 16    God:
Gold:   260        SH:  0    Dex: 11    Spells: 8/12 levels left

rFire   . . .      SeeInvis .     - Unarmed
rCold   . . .      Faith    .   (no shield)
rNeg    . . .      Spirit   .   (armour unavailable)
rPois   .          Reflect  .   (helmet currently unavailable)
rElec   .          Harm     .   (no cloak)
rCorr   .          Rampage  .   (no gloves)
Will    .....                   (boots currently unavailable)
Stlth   +.........              (no amulet)
HPRegen 0.17/turn               (no ring)
MPRegen 0.12/turn               (no ring)

@: appendages
A: horns 2, talons 2, AC +11, amphibious, unfitting armour, cold-blooded
a: End Transformation


You were on level 5 of the Dungeon.
You had temporarily grown beastly horns and talons.
You visited 1 branch of the dungeon, and saw 5 of its levels.
You also visited: Sewer.

You collected 260 gold pieces.

Inventory:

Missiles
 h - 2 throwing nets
Jewellery
 q - an amulet of magic regeneration
Scrolls
 a - a scroll of fear {unknown}
 b - a scroll of amnesia {unknown}
 c - a scroll of enchant armour {unknown}
 d - 2 scrolls of silence {unknown}
 e - a scroll of identify {unknown}
 l - 2 scrolls of fog {unknown}
 m - a scroll of brand weapon {unknown}
 n - 2 scrolls of noise {unknown}
 o - 2 scrolls of teleportation {unknown}
 p - a scroll of immolation {unknown}
Potions
 f - 4 potions of curing {unknown}
 g - 2 potions of heal wounds {unknown}
 i - a potion of brilliance {unknown}
 j - a potion of degeneration {unknown}
 k - 2 potions of haste {unknown}


   Skills:
 - Level 1.1 Fighting
 - Level 1.7 Dodging
 + Level 6.2 Unarmed Combat
 - Level 3.0 Spellcasting
 + Level 4.5 Transmutations
 + Level 3.9 Poison Magic


You had 8 spell levels left.
You knew the following spells:

 Your Spells              Type           Power      Damage    Failure   Level
a - Beastly Appendage     Tmut           34%        N/A       2%          1
b - Spider Form           Tmut/Pois      15%        N/A       10%         3

Your spell library contained the following spells:

 Spells                   Type           Power      Damage    Failure   Level
 Wereblood                Tmut           17%        N/A       4%          2
 Ignite Poison            Fire/Tmut/Pois 11%        N/A       19%         3
 Mephitic Cloud           Conj/Pois/Air  6%         N/A       32%         3
 Portal Projectile        Hex/Tloc       4%         N/A       50%         3
 Ice Form                 Ice/Tmut       9%         N/A       58%         4
 Blade Hands              Tmut           8%         N/A       61%         5
 Excruciating Wounds      Necr           1%         N/A       99%         5
 Freezing Cloud           Conj/Ice/Air   1%         6-21      99%         5


Dungeon Overview and Level Annotations

Branches:
Dungeon (5/15)              Sewer (visited)
 Temple: D:4-7

Altars:
Cheibriados
Elyvilon
Okawaru
Trog
Wu Jian

Shops:
D:3 (

Annotations:
D:5 Menkaure


Innate Abilities, Weirdness & Mutations

You have temporarily grown beastly horns and talons.
Your dull iron-grey scales are very hard. (AC +11)
You are amphibious.
You cannot fit into any form of body armour.
You are cold-blooded and may be slowed by cold attacks.


Message History

Found 23 stones.
You see here 23 stones.
Menkaure, Prince of Dust comes into view.
Menkaure shouts!
Menkaure is nearby!
Casting: Spider Form (dangerous; 10% risk of failure)
Confirm with . or Enter, or press ? or * to list all spells.
Okay, then.
Unknown command.
Casting: Spider Form (dangerous; 10% risk of failure)
Confirm with . or Enter, or press ? or * to list all spells.
You grow a pair of large bovine horns.
Your feet morph into talons.
Menkaure mumbles some strange words.
Menkaure seems to speed up.
Menkaure gestures at you while chanting.
Pain shoots through your body! Menkaure hits you but does no damage.
You punch Menkaure! You claw Menkaure. You headbutt Menkaure.
Your tail-slap misses Menkaure.
Menkaure is heavily damaged.
Menkaure hits you!
* * * LOW HITPOINT WARNING * * *
Menkaure hits you.
* * * LOW HITPOINT WARNING * * *
You hit Menkaure but do no damage.
Menkaure is heavily damaged.
Menkaure hits you!
* * * LOW HITPOINT WARNING * * *
Unknown command.
You barely miss Menkaure. You claw Menkaure, but do no damage.
Menkaure is heavily damaged.
Menkaure hits you.
* * * LOW HITPOINT WARNING * * *
Unknown command.
You barely miss Menkaure. You claw Menkaure, but do no damage.
You headbutt Menkaure, but do no damage.
You tail-slap Menkaure.
Menkaure is severely damaged.
Menkaure hits you!
You die...

#.....#.>>.......###....
#####(##...............#
#.##.......###...#.
#.####...#.# ### #. #.#
#####.# .. #.# # ## #.#
## ### ##.####...#. #..
#...@M.....# #..
##.##....... #.. ###
#.....# #.. #...## #..
#.## ##.. ## #... #..#
#... #.##


You could see Menkaure (fast).

Vanquished Creatures
  Prince Ribbit (D:4)
  A water moccasin (Sewer)
  An ogre (D:5)
  A centaur zombie (D:5)
  2 hounds
  3 orc priests
  An iguana (D:5)
  An orc wizard (D:4)
  A hound skeleton (D:4)
  6 adders
  A worm (D:2)
  3 dart slugs
  7 orcs
  4 ball pythons
  7 endoplasms
  7 giant cockroaches
  7 goblins
  8 hobgoblins
  7 jackals
  4 quokkas
  5 bats
  A frilled lizard (D:1)
  3 kobolds
  7 rats
89 creatures vanquished.

Notes
Turn   | Place    | Note
-------+----------+-------------------------------------------
     0 | D:1      | pkoi the Draconian Transmuter began the quest for the Orb.
     0 | D:1      | Reached XP level 1. HP: 16/16 MP: 3/3
   146 | D:1      | Reached XP level 2. HP: 23/23 MP: 3/5
   350 | D:1      | Found a faded altar of an unknown god.
   433 | D:1      | Reached skill level 4 in Unarmed Combat
   721 | D:1      | Reached XP level 3. HP: 11/28 MP: 6/6
  1431 | D:2      | Learned a level 3 spell: Spider Form
  1886 | D:2      | Reached XP level 4. HP: 35/35 MP: 5/7
  2291 | D:3      | Found a bloodstained altar of Trog.
  2600 | D:3      | Found Kazidy's Antique Weapon Shop.
  2633 | D:3      | Found an iron altar of Okawaru.
  2642 | D:3      | Reached skill level 1 in Poison Magic
  2645 | D:3      | Found a glowing drain.
  2664 | Sewer    | Entered a sewer
  2811 | Sewer    | Noticed a water moccasin
  2824 | Sewer    | Killed a water moccasin
  2825 | Sewer    | Reached skill level 5 in Unarmed Combat
  2825 | Sewer    | Reached XP level 5. HP: 8/40 MP: 5/9
  3292 | D:3      | Found an ornate altar of the Wu Jian Council.
  4300 | D:4      | Reached XP level 6. HP: 45/47 MP: 10/10
  4558 | D:4      | Found a snail-covered altar of Cheibriados.
  5229 | D:5      | Entered Level 5 of the Dungeon
  5592 | D:5      | Noticed Prince Ribbit
  5722 | D:5      | Found a white marble altar of Elyvilon.
  5931 | D:4      | Killed Prince Ribbit
  5932 | D:4      | Reached skill level 6 in Unarmed Combat
  5932 | D:4      | Your scales start taking on a dull iron-grey colour.
  5932 | D:4      | Reached XP level 7. HP: 36/52 MP: 8/11
  6356 | D:5      | Noticed Menkaure
  6365 | D:5      | Slain by Menkaure

Illustrated notes

Levels and vault maps discovered:
D:1:      dpeg_arrival_fog, layout_loops_ring,
          shapermc_ecumenical_altar_mp_highgroup, roderic_roman_lattice,
          minmay_close_crescents
D:2:      cheibrodos_helix_gallery, layout_basic, serial_bayou_pond_d
D:3:      layout_loops_corners, trog_three_pillars_becter,
          okawaru_metal_pillars_3, nicolae_overflow_hidden_temple,
          portal_sewer_entry_f, serial_shops, shop
D:4:      layout_basic, mainiacjoe_overflow_brackets, hangedman_decor_push
D:5:      layout_loops_cross, lemuel_crystal_altar, serial_rivers,
          chequers_serial_rivers_room_b, chequers_serial_rivers_micro_a,
          chequers_serial_rivers_small_b, chequers_serial_rivers_small_b,
          chequers_serial_rivers_micro_e, uniq_prince_ribbit1, uniq_menkaure

Skill      XL: |  1  2  3  4  5  6 |
---------------+-------------------+-----
Unarmed Combat | 4 5 6 |  6.2
Poison Magic   | 1 2 3 |  3.9
Transmutations | 3 4 |  4.5
Spellcasting   | 3 |  3.0
Fighting       | |  1.1
Dodging        | |  1.7

Action                   |  1- 3 |  4- 6 |  7- 9 || total
-------------------------+-------+-------+-------++-------
Melee: Unarmed           |   134 |   214 |     7 ||   355
       Tailslap          |    15 |    23 |     1 ||    39
       Kick              |    12 |    13 |     3 ||    28
       Punch             |     6 |     9 |       ||    15
       Headbutt          |     3 |    12 |     2 ||    17
 Cast: Beastly Appendage |     9 |    13 |     1 ||    23
       Spider Form       |       |     3 |     1 ||     4
 Stab: Sleeping          |     2 |       |       ||     2
Armor: Skin              |    35 |    66 |     1 ||   102
Dodge: Dodged            |    91 |   138 |     4 ||   233
